 Dungeon Crawl Stone Soup version 0.19-a0-347-g6bb00b2 (webtiles) character file.

600 namelastname112 the Grave Robber (level 7, -6/40 HPs)
             Began as a Deep Elf Necromancer on May 29, 2016.
             Mangled by Edmund
             ... wielding a +0 dire flail
              (11 damage)
             ... on level 5 of the Dungeon.
             The game lasted 00:08:28 (4356 turns).

namelastname112 the Grave Robber (DENe)             Turns: 4356, Time: 00:08:28

Health: -6/40      AC:  5    Str:  6    XL:     7   Next: 18%
Magic:  6/16       EV: 14    Int: 20    God:
Gold:   160        SH:  0    Dex: 16    Spells: 4 memorised, 8 levels left

rFire  . . .     SeeInvis .     o - +3 dagger (venom)
rCold  . . .     Gourm    .     a - +0 robe
rNeg   . . .     Faith    .     (no shield)
rPois  .         Spirit   .     (no helmet)
rElec  .         Dismiss  .     w - +0 cloak (curse)
rCorr  .         Reflect  .     p - +0 pair of gloves
SustAt .         Harm     .     q - +0 pair of boots
MR     .....                    e - amulet of rage
Stlth  ++........               (no ring)
                                (no ring)

@: not resistant to hostile enchantments, unstealthy
A: no striking features
a: Evoke Berserk Rage


You were on level 5 of the Dungeon.
You were hungry.

You visited 1 branch of the dungeon, and saw 5 of its levels.

You collected 160 gold pieces.

Inventory:

Hand Weapons
 o - a +3 dagger of venom (weapon)
 r - a +1 dagger of holy wrath
Armour
 a - a +0 robe (worn)
 p - a +0 pair of gloves (worn)
 q - a +0 pair of boots (worn)
 w - a cursed +0 cloak (worn)
Jewellery
 e - an amulet of rage (around neck)
Scrolls
 h - 3 scrolls of identify
 l - 2 scrolls of remove curse
 s - a scroll of enchant armour {unknown}
Potions
 f - a potion of curing {unknown}
 j - 3 potions of lignification {unknown}
 k - 2 potions of flight
 m - a potion of heal wounds {unknown}
 n - a potion of cancellation
 u - a potion of might {unknown}
 v - 2 potions of brilliance {unknown}
Books
 b - a book of Necromancy

   Spells                             Type                      Level
   a - Pain                           Necromancy                   1
   b - Animate Skeleton               Necromancy                   1
   c - Vampiric Draining              Necromancy                   3
   d - Regeneration                   Charms/Necromancy            3
   e - Animate Dead                   Necromancy                   4
   f - Control Undead                 Necromancy                   4
Comestibles
 c - 2 bread rations
 d - 2 beef jerkies
 g - a slice of pizza
 i - 3 meat rations


   Skills:
 + Level 2.2 Fighting
 * Level 3.0 Short Blades
 + Level 4.3 Dodging
 - Level 2.4 Stealth
 + Level 5.2 Spellcasting
 * Level 7.1 Necromancy


You had 8 spell levels left.
You knew the following spells:

 Your Spells              Type           Power        Failure   Level  Hunger
a - Animate Skeleton      Necr           N/A          1%          1    None
d - Regeneration          Chrm/Necr      ###.......   10%         3    ##.....
s - Vampiric Draining     Necr           ####......   1%          3    ##.....
z - Pain                  Necr           ####         1%          1    None


Dungeon Overview and Level Annotations

Branches:
Dungeon (5/15)
 Temple: D:4-7

Altars:
Dithmenos

Annotations:
D:5 Edmund


Message History

Confirm with . or Enter, or press ? or * to list all spells.
Aiming: Vampiric Draining
Press: ? - help, Shift-Dir - straight line, f/p - Edmund
Aim: Edmund, wielding a dire flail and wearing a chain mail (moderately wounded, berserk, fast, unusually strong, poisoned) Edmund is heavily wounded.
You feel life coursing into your body. Edmund hits you but does no damage.
The giant frog skeleton barely misses you.
You regained 5 hp, and now have 16/40 hp.
You now have 9/16 mp.
Casting: Vampiric Draining
Confirm with . or Enter, or press ? or * to list all spells.
Aiming: Vampiric Draining
Press: ? - help, Shift-Dir - straight line, f/p - Edmund
Aim: Edmund, wielding a dire flail and wearing a chain mail (heavily wounded, berserk, fast, unusually strong, poisoned) Edmund is severely wounded.
You feel life coursing into your body. Edmund hits you with a dire flail!
* * * LOW HITPOINT WARNING * * *
The giant frog skeleton hits you but does no damage.
Edmund hits you with a dire flail!
You die...

####### #.....#
#..[..# #.....#
#.....# #.....#
#@....#
#@Z...###
#S......#
#.....#.#
##.........
#........##
≈≈.....##.##..#
###.#!. .....#
#.... .##.##


You could see Edmund (berserk), a ball python and a giant frog skeleton.

Vanquished Creatures
  A sky beast (D:5)
  A scorpion (D:4)
  A howler monkey (D:4)
  An orc priest (D:4)
  Crazy Yiuf (D:4)
  Ijyb (D:3)
  5 orc wizards
  2 gnolls (D:2)
  A howler monkey skeleton (D:4)
  7 adders
  4 worms
  3 dart slugs
  2 giant geckos (D:1)
  9 orcs
  11 bats
  3 giant cockroaches
  7 hobgoblins
  3 jackals (D:2)
  10 kobolds
  2 quokkas
  A ball python (D:1)
  3 giant newts
  11 goblins
  10 rats
100 creatures vanquished.

Vanquished Creatures (collateral kills)
  A gnoll (D:2)
  An ooze (D:1)
2 creatures vanquished.

Grand Total: 102 creatures vanquished

Notes
Turn   | Place    | Note
--------------------------------------------------------------
     0 | D:1      | namelastname112 the Deep Elf Necromancer began the quest for the Orb.
     0 | D:1      | Reached XP level 1. HP: 10/10 MP: 6/6
    35 | D:1      | Learned a level 1 spell: Animate Skeleton
   112 | D:1      | Reached skill level 5 in Necromancy
   150 | D:1      | Reached XP level 2. HP: 5/15 MP: 1/8
   967 | D:1      | Reached XP level 3. HP: 17/19 MP: 8/10
  1311 | D:2      | Learned a level 3 spell: Vampiric Draining
  1971 | D:2      | Reached XP level 4. HP: 12/24 MP: 8/11
  1982 | D:2      | Reached skill level 6 in Necromancy
  2083 | D:2      | Found a shadowy altar of Dithmenos.
  2377 | D:2      | Reached skill level 1 in Fighting
  2834 | D:3      | Reached XP level 5. HP: 22/29 MP: 10/13
  2941 | D:3      | Noticed Ijyb
  2959 | D:3      | Killed Ijyb
  2959 | D:3      | Reached skill level 1 in Short Blades
  3037 | D:3      | Learned a level 3 spell: Regeneration
  3519 | D:4      | Reached XP level 6. HP: 19/35 MP: 6/14
  3832 | D:4      | Reached skill level 5 in Spellcasting
  3996 | D:4      | Noticed Crazy Yiuf
  4001 | D:4      | Killed Crazy Yiuf
  4001 | D:4      | Reached skill level 7 in Necromancy
  4249 | D:5      | Entered Level 5 of the Dungeon
  4250 | D:5      | Noticed a sky beast
  4254 | D:5      | Noticed Edmund
  4264 | D:5      | Killed a sky beast
  4264 | D:5      | Reached XP level 7. HP: 20/40 MP: 3/16
  4356 | D:5      | Mangled by Edmund

Vault maps used:
D:1:      dpeg_arrival_round_c, grunt_decor_one_mirror
D:2:      lemuel_crystal_altar, kennysheep_generic_room_2
D:3:      uniq_iyjb
D:4:      first_bread, uniq_crazy_yiuf_cottage
D:5:      portal_sewer_entry_b, uniq_edmund

Skill      XL: |  1  2  3  4  5  6 |
---------------+-------------------+-----
Necromancy     | 5 6 7 |  7.1
Dodging        | 3 4 |  4.3
Spellcasting   | 4 5 |  5.2
Fighting       | 1 2 |  2.2
Short Blades   | 1 3 |  3.0
Stealth        | |  2.4

Action                   |  1- 3 |  4- 6 |  7- 9 || total
-------------------------+-------+-------+-------++-------
Melee: Dagger            |     6 |    60 |     1 ||    67
 Cast: Pain              |    68 |    90 |     2 ||   160
       Animate Skeleton  |    14 |    18 |       ||    32
       Vampiric Draining |     5 |    16 |     4 ||    25
  Use: Scroll            |       |     8 |       ||     8
  Eat: Chunk             |     3 |     8 |       ||    11
Armor: Robe              |     1 |    20 |     2 ||    23
Dodge: Dodged            |    20 |    38 |     4 ||    62
